[Event "*** Titled Tuesday Blitz"]
[Site "Chess.com"]
[Date "2020.04.07"]
[Round "5"]
[White "MaxVavulin"]
[Black "StockholmMissile"]
[Result "0-1"]
[WhiteElo "2466"]
[BlackElo "2399"]
[TimeControl "180+1"]
[EndTime "13:59:17 PDT"]
[Termination "StockholmMissile won on time"]

1. e4 e5 2. Nf3 Nc6 3. Bb5 a6 4. Ba4 Nf6 5. O-O Be7 6. Re1 b5 7. Bb3 d6 8. c3 O-O 9. h3 Nb8 10. d4 Nbd7 11. c4 Bb7 12. Nc3 c6 13. a3 Qb8 14.
Be3 h6 15. Qd2 Re8 16. Rad1 Bf8 17. Ba2 Qc7 18. b4 Rad8 19. dxe5 Nxe5 20. Nxe5 dxe5 21. Qe2 Rxd1 22. Rxd1 Rd8 23. c5 Rxd1+ 24. Qxd1 Qd7 25. Qe2 Bc8 26. Kh2 Ne8 27. Qf3 Qe7 28. Qg3 Kh8 29.
Ne2 Qf6 30. Nc1 Be6 31. Bb1 g6 32. Bc2 Bg7 33. Nb3 Qe7 34. Na5 Qd7 35. Qh4 Kh7 36. g4 Nf6 37. Qg3 Ng8 38. f3 Ne7 39. Qe1 Kg8 40. Qc1 Kh7 41. h4 f6 42. Kg3 Ng8 43. Kf2 Ne7 44. Ke2 Ng8 45. Bd3 Ne7 46.
Qc2 Ng8 47. a4 Ne7 48. Qc3 Bf8 49. Qa3 Bf7 50. axb5 axb5 51. Nb3 h5 52. gxh5 gxh5 53. Nd2 Qh3 54. Bf2 Bh6 55. Qa7 Qe6 56. Qc7 Bxd2 57.
Kxd2 Ng6 58. Be3 Nf4 59. Bxf4 exf4 60. Qxf4 Qa2+ 61. Ke3 Qb2 62. Qc7 Qc1+ 63. Ke2 Qb2+ 64. Ke3 Qc1+ 65. Kf2 Qd2+ 66. Be2 Qd4+ 67. Kg2 Kg8 68.
Qxc6 Qd2 69. Kf1 Qc1+ 70. Kf2 Qc3 71. Qxb5 Qd4+ 72. Kg2 Qe3 73. Qd3 Qf4 74. c6 Qxh4 75. c7 Qg5+ 76. Kf2 Qh4+ 77. Ke3 Qg5+ 78. f4 Qg3+ 79.
Bf3 Qe1+ 80. Qe2 Qc3+ 81. Qd3 Qxc7 82. b5 Qb6+ 83. Kd2 Be8 84. Be2 Qc7 85. Qe3 Qc8 86.
e5 Qd8+ 87. Kc3 fxe5 88. Kb4 Qe7+ 89. Ka5 Qd8+ 90. b6 exf4 0-1

[Event "*** Titled Tuesday Blitz"]
[Site "Chess.com"]
[Date "2020.04.07"]
[Round "5"]
[White "bangchess21"]
[Black "Antipov_Mikhail_Al"]
[Result "0-1"]
[WhiteElo "2645"]
[BlackElo "2952"]
[TimeControl "180+1"]
[EndTime "13:59:29 PDT"]
[Termination "Antipov_Mikhail_Al won by checkmate"]

1. d4 Nf6 2. Bf4 c6 3. Nf3 Qb6 4. Bc1 g6 5. g3 Bg7 6. Bg2 O-O 7. c4 d5 8. O-O dxc4 9. Qc2 c5 10. Qxc4 cxd4 11.
Nxd4 Rd8 12. Nb5 Be6 13. Qc7 Nc6 14. Qxb6 axb6 15. Nc7 Rxa2 16. Rxa2 Bxa2 17. Nc3 Bc4 18. Be3 Rc8 19. N7d5 Nxd5 20. Nxd5 Bxd5 21. Bxd5 Bxb2 22.
Rb1 Bd4 23. Bxc6 Bxe3 24. Bxb7 Rc7 25. Bd5 Bc5 26. e3 e6 27. Be4 Ra7 28. Kg2 Ra2 29. Kf3 Kg7 30. h4 Rd2 31. Rb3 f5 32. Bd3 e5 33. Bb5 e4+ 34. Kg2 h6 35. Bc4 g5 36.
hxg5 hxg5 37. Bb5 Kf6 38. Kf1 f4 39. gxf4 gxf4 40. Bc6 fxe3 41. fxe3 Ke5 42. Ke1 Rd6 43. Bb5 Rh6 44. Be2 Rh1+ 45. Kd2 Rh2 46. Rb5 Kd5 47.
Rb3 Kc6 48. Rb1 b5 49. Kd1 Rh1+ 50. Kc2 Rh2 51. Kd1 b4 52. Kd2 Kb6 53. Rb3 Kc6 54. Rb1 Kd5 55. Rd1 Bd6 56. Rb1 Kc5 57.
Kd1 Rh1+ 58. Kc2 Rh2 59. Kd2 Be5 60. Rb3 Bc3+ 61. Kd1 Kd5 62. Ba6 Rh1+ 63. Ke2 Rh2+ 64. Kd1 Kc5 65. Bb7 Rh4 66. Ke2 Kc4 67. Rb1 Rh2+ 68.
Kd1 Rh1+ 69. Kc2 b3+ 70. Rxb3 Rh2+ 71. Kd1 Kxb3 72. Bd5+ Kb4 73. Bxe4 Rd2+ 74. Kc1 Re2 75.
Kd1 Rxe3 76. Bd5 Kc5 77. Bb3 Kd4 78. Kc2 Re2+ 79. Kc1 Rb2 80. Ba4 Rd2 81. Bd7 Kc4 82. Bf5 Bb4 83. Be6+ Kc3 84. Bf5 Ba3+ 85. Kb1 Rb2+ 86.
Ka1 Bc5 87. Be6 Bd4 88. Bc4 Kb4 89. Bd3 Ka3 90. Bc4 Rb3# 0-1

[Event "*** Titled Tuesday Blitz"]
[Site "Chess.com"]
[Date "2020.04.07"]
[Round "5"]
[White "Evgeny81"]
[Black "Indianlad"]
[Result "1/2-1/2"]
[WhiteElo "2773"]
[BlackElo "3004"]
[TimeControl "180+1"]
[EndTime "14:00:09 PDT"]
[Termination "Game drawn by repetition"]

1. d4 g6 2. c4 Nf6 3. Nc3 d5 4. e3 Bg7 5. Qb3 c6 6. Nf3 O-O 7. Be2 a5 8. O-O dxc4 9. Bxc4 b5 10. Be2 Bf5 11. Ne5 a4 12. Qd1 Ne4 13. Nd3 Nd7 14.
Bf3 Nxc3 15. bxc3 Rc8 16. Ba3 Bxd3 17. Qxd3 Ne5 18. Qe2 Nxf3+ 19. Qxf3 Re8 20. Rfd1 e6 21. c4 Bf8 22. Bxf8 Rxf8 23. Rab1 bxc4 24. Rbc1 Qd5 25. Qe2 c5 26. Rxc4 cxd4 27. Rcxd4 Qa5 28. Qg4 a3 29.
Ra4 Qc3 30. Qd4 Rfd8 31. Qxd8+ Rxd8 32. Rxd8+ Kg7 33. Rd1 Qc2 34. Rad4 Qxa2 35. R4d2 Qb3 36. Ra1 h5 37. h4 Qb4 38. Rda2 Qxh4 39. Rxa3 Qg4 40.
Ra4 Qg5 41. Rf4 e5 42. Rc4 h4 43. Raa4 h3 44. Rg4 Qh5 45. gxh3 Qxh3 46. Rg3 Qh5 47. Kg2 Qd1 48. Rag4 Qd5+ 49. e4 Qd2 50. Kg1 Qe2 51. Kg2 Kf6 52. Rf3+ Ke6 53. Rfg3 Qd1 54. Kh2 Qf1 55.
Rf3 Ke7 56. Rg5 Qe2 57. Rxe5+ Kd6 58. Rd5+ Ke6 59. Rdd3 g5 60. Rde3 Qf1 61. Rf5 g4 62. Rg3 Qe2 63. Rf4 f6 64. Rgxg4 Qd2 65. Kg2 Qe2 66. Rf3 Ke5 67. Rf5+ Ke6 68. Rgf4 Ke7 69. Rxf6 Qb2 70. R6f5 Qg7+ 71. Kf3 Qc3+ 72. Kg4 Qc2 73. Rf7+ Ke6 74. R7f6+ Ke7 75. Kg3 Qc3+ 76. Kg2 Qc2 77. R6f5 Qc1 78. Rh4 Qc4 79. Rh7+ Ke6 80. Rh4 Ke7 81.
Rg4 Qe2 82. Kg3 Qf1 83. Rg7+ Ke6 84. Rg6+ Ke7 85. Rg4 Qg1+ 86. Kf3 Qd1+ 87. Kf4 Qd2+ 88. Kg3 Qd1 89. f3 Qg1+ 90. Kh4 Qh2+ 91. Kg5 Qh8 92.
Rgf4 Qg7+ 93. Kh4 Qg2 94. Rf7+ Ke6 95. R7f6+ Ke7 96. R4f5 Qh2+ 97. Kg4 Qg2+ 98. Kf4 Qd2+ 99. Kg4 Qg2+ 100. Kh5 Qh2+ 101. Kg6 Qg3+ 102. Rg5 Qh2 103. f4 Qc2 104. Re5+ Kd7 105. Kf7 Qa2+ 106. Ree6 Qh2 107. Re7+ Kd8 108. Rd6+ Kc8 109. Rf6 Qh7+ 110. Kf8 Qh8+ 111. Kf7 Qh7+ 112. Ke8 Qg8+ 113. Rf8 Qg6+ 114. Rff7 Qg8+ 115. Rf8 Qg6+ 116. Ref7 Qe6+ 117. Re7 Qg6+ 1/2-1/2

[Event "*** Titled Tuesday Blitz"]
[Site "Chess.com"]
[Date "2020.04.07"]
[Round "6"]
[White "Sesleria"]
[Black "Eltarolo"]
[Result "0-1"]
[WhiteElo "1976"]
[BlackElo "2325"]
[TimeControl "180+1"]
[EndTime "14:01:37 PDT"]
[Termination "Eltarolo won by resignation"]

1. e4 c5 2. Nf3 d6 3. d4 cxd4 4.
Nxd4 Nf6 5. Nc3 g6 6. Be2 Bg7 7. O-O O-O 8. Be3 Nc6 9. Nb3 a5 10.
a4 Be6 11. f4 Qc8 12. Bf3 Ng4 13. Bb6 Ra6 14. Bxg4 Bxg4 0-1

[Event "*** Titled Tuesday Blitz"]
[Site "Chess.com"]
[Date "2020.04.07"]
[Round "6"]
[White "FelixJoseYnojosa"]
[Black "Stameny"]
[Result "0-1"]
[WhiteElo "2626"]
[BlackElo "2539"]
[TimeControl "180+1"]
[EndTime "14:02:20 PDT"]
[Termination "Stameny won by resignation"]

1. e4 c5 2. c3 Nf6 3. e5 Nd5 4. d4 cxd4 5. cxd4 d6 6. f4 Nc6 7.
Nf3 dxe5 8. fxe5 Bf5 9. Nc3 e6 10. Bd3 Bb4 11. Bd2 Bxd3 0-1

[Event "*** Titled Tuesday Blitz"]
[Site "Chess.com"]
[Date "2020.04.07"]
[Round "6"]
[White "Keranke"]
[Black "Nancy11111"]
[Result "1-0"]
[WhiteElo "2786"]
[BlackElo "2392"]
[TimeControl "180+1"]
[EndTime "14:02:30 PDT"]
[Termination "Keranke won by resignation"]

1. d4 f5 2. Bg5 h6 3. Bh4 g5 4. Bg3 Nf6 5. e3 e6 6. h4 Rg8 7.
Nd2 d6 8. c3 Qe7 9. Bd3 Nc6 10.
Qb3 Nh5 11. Ne2 Nxg3 12. Nxg3 gxh4 13. Nxf5 exf5 14. Qxg8 Be6 15. Qg6+ 1-0

[Event "*** Titled Tuesday Blitz"]
[Site "Chess.com"]
[Date "2020.04.07"]
[Round "6"]
[White "IMDT02"]
[Black "dmvlad"]
[Result "1-0"]
[WhiteElo "2467"]
[BlackElo "2304"]
[TimeControl "180+1"]
[EndTime "14:02:56 PDT"]
[Termination "IMDT02 won by checkmate"]

1. d4 Nf6 2. c4 g6 3. Nc3 Bg7 4.
e4 d6 5. f3 O-O 6. Be3 c5 7. Nge2 Qa5 8. Qd2 Nc6 9. d5 Ne5 10.
Ng3 h5 11. h4 a6 12. Be2 Rb8 13. Bh6 b5 14. Bxg7 Kxg7 15. cxb5 axb5 16. O-O b4 17. Nd1 Ba6 18. Ne3 Bxe2 19. Nef5+ Kg8 20. Qh6 gxf5 21. Nxf5 Ne8 22. Nxe7# 1-0

[Event "*** Titled Tuesday Blitz"]
[Site "Chess.com"]
[Date "2020.04.07"]
[Round "6"]
[White "oneshot007"]
[Black "j2806"]
[Result "1-0"]
[WhiteElo "2402"]
[BlackElo "1995"]
[TimeControl "180+1"]
[EndTime "14:03:10 PDT"]
[Termination "oneshot007 won by resignation"]

1. e4 c5 2. Nf3 d6 3. d4 cxd4 4.
Nxd4 Nf6 5. Nc3 a6 6. h4 e5 7. Nb3 Be6 8. f4 exf4 9. Bxf4 Nc6 10. Qd2 Ne5 11. O-O-O Be7 12. Nd4 Qc7 13. Nf5 Bxf5 14. exf5 O-O 15. Be2 Rfd8 16. g4 b5 17. g5 Ne8 18. Nd5 Qd7 19. Nb6 Qb7 20. Nxa8 Qxa8 21. Rhe1 Nc4 22. Bxc4 bxc4 23. Rxe7 1-0

[Event "*** Titled Tuesday Blitz"]
[Site "Chess.com"]
[Date "2020.04.07"]
[Round "6"]
[White "Hanging_pointer"]
[Black "rpragchess"]
[Result "0-1"]
[WhiteElo "2525"]
[BlackElo "2803"]
[TimeControl "180+1"]
[EndTime "14:03:14 PDT"]
[Termination "rpragchess won by resignation"]

1. d4 Nf6 2. c4 Nc6 3. Nf3 e6 4. Nc3 Bb4 5. Qc2 d6 6. Bg5 h6 7.
Bxf6 Qxf6 8. e3 e5 9. d5 Bxc3+ 10. Qxc3 Ne7 11. Be2 O-O 12. O-O Bg4 13. Qc2 Ng6 14.
h3 Bf5 15. Bd3 Bxh3 16. Be4 Bd7 17. g3 Qe7 18. Kg2 f5 0-1

[Event "*** Titled Tuesday Blitz"]
[Site "Chess.com"]
[Date "2020.04.07"]
[Round "6"]
[White "JozefKneht"]
[Black "MusicCityMaster"]
[Result "1-0"]
[WhiteElo "2571"]
[BlackElo "2314"]
[TimeControl "180+1"]
[EndTime "14:03:28 PDT"]
[Termination "JozefKneht won by resignation"]

1. e4 c5 2. Nf3 d6 3. d4 cxd4 4. Nxd4 Nf6 5. Nc3 a6 6. Bg5 e6 7. f4 Nbd7 8. Qf3 Qc7 9. O-O-O b5 10. Bxb5 axb5 11. e5 Bb7 12. Ndxb5 Qb6 13. Qe2 dxe5 14.
fxe5 Nd5 15. Nxd5 Bxd5 16. Rxd5 exd5 17. Nd6+ Bxd6 18. exd6+ Kf8 19. Qe7+ Kg8 20. Qxd7 h6 21. Be7 Rxa2 22. Qc8+ Kh7 23. Qf5+ Kg8 24. d7 Qxb2+ 25. Kd2 Qd4+ 26. Ke2 Qc4+ 27. Kf3 Ra3+ 28. Bxa3 1-0

[Event "*** Titled Tuesday Blitz"]
[Site "Chess.com"]
[Date "2020.04.07"]
[Round "6"]
[White "fmshawnrl123"]
[Black "Paralinch"]
[Result "0-1"]
[WhiteElo "2727"]
[BlackElo "2933"]
[TimeControl "180+1"]
[EndTime "14:03:40 PDT"]
[Termination "Paralinch won by resignation"]

1. c4 c5 2. g3 Nc6 3. Bg2 g6 4.
Nc3 Bg7 5. e4 e6 6. Nge2 Nge7 7.
O-O O-O 8. d3 Nd4 9. Be3 Nec6 10.
a3 d6 11. Rb1 a5 12. Nb5 a4 13.
Nec3 Nxb5 14. cxb5 Nd4 15. Nxa4 Nxb5 16. Qc2 Qa5 17. Nc3 Bxc3 18. bxc3 Nxa3 19. Qd2 Nxb1 20. Rxb1 Qa2 21. Rb2 Qa1+ 22. Bf1 e5 23. Bh6 Bh3 0-1

[Event "*** Titled Tuesday Blitz"]
[Site "Chess.com"]
[Date "2020.04.07"]
[Round "6"]
[White "Shield12"]
[Black "HarutyunianTigranK"]
[Result "1-0"]
[WhiteElo "2928"]
[BlackElo "2696"]
[TimeControl "180+1"]
[EndTime "14:03:55 PDT"]
[Termination "Shield12 won by checkmate"]

1. e4 e5 2. Nf3 Nc6 3. Bb5 a6 4. Ba4 Nf6 5. O-O Be7 6. Re1 b5 7. Bb3 O-O 8. h3 Bb7 9. d3 d5 10. exd5 Nxd5 11. Nc3 Nxc3 12. bxc3 Bd6 13. Ng5 h6 14.
Ne4 Kh8 15. Qh5 Kh7 16. Ng5+ Kg8 17. Nxf7 Rxf7 18. Bxf7+ Kf8 19. Bd5 Be7 20. Qf7# 1-0

[Event "*** Titled Tuesday Blitz"]
[Site "Chess.com"]
[Date "2020.04.07"]
[Round "6"]
[White "googlegoom"]
[Black "EnergeticHay"]
[Result "1-0"]
[WhiteElo "2410"]
[BlackElo "2188"]
[TimeControl "180+1"]
[EndTime "14:03:55 PDT"]
[Termination "googlegoom won by resignation"]

1. Nf3 Nf6 2. b3 g6 3. Bb2 Bg7 4. e3 O-O 5. d4 d6 6. Be2 c5 7.
O-O Nc6 8. Nbd2 Qc7 9. c4 cxd4 10. Nxd4 e5 11. N4f3 b6 12. Rc1 Bb7 13. Qc2 Rad8 14. Rfd1 Qe7 15. Qb1 d5 16. cxd5 Nxd5 17. Nc4 Kh8 18.
Qa1 Rfe8 19. h3 h6 20. a3 Kh7 21. b4 f5 22. b5 Na5 23. Nxa5 bxa5 24. Rc2 e4 25. Nd4 Qg5 26. Nc6 Rd7 27. Bxg7 Rxg7 28. Rxd5 Bc8 1-0

[Event "*** Titled Tuesday Blitz"]
[Site "Chess.com"]
[Date "2020.04.07"]
[Round "6"]
[White "beccrajoy"]
[Black "Sjakkerntobi"]
[Result "0-1"]
[WhiteElo "1787"]
[BlackElo "2247"]
[TimeControl "180+1"]
[EndTime "14:03:57 PDT"]
[Termination "Sjakkerntobi won by resignation"]

1. e4 c5 2. Nf3 e6 3. d4 cxd4 4. Nxd4 Nc6 5. Nc3 Qc7 6. Be3 a6 7. Qd2 Nf6 8. f3 Bb4 9. O-O-O O-O 10. g4 b5 11. g5 Ne8 12. h4 Ne5 13. Bf4 d6 14. h5 Bxc3 15. bxc3 Qa5 16. Bd3 Qxa2 17.
Qg2 b4 18. c4 Qa1+ 19. Kd2 Qxd4 0-1

[Event "*** Titled Tuesday Blitz"]
[Site "Chess.com"]
[Date "2020.04.07"]
[Round "6"]
[White "canwedoit"]
[Black "thedjoker98"]
[Result "1-0"]
[WhiteElo "2627"]
[BlackElo "2470"]
[TimeControl "180+1"]
[EndTime "14:04:02 PDT"]
[Termination "canwedoit won by resignation"]

1. Nf3 d5 2. g3 Bg4 3. Bg2 c6 4. O-O Nd7 5. c4 e6 6. cxd5 exd5 7. Nc3 Ngf6 8. d3 Be7 9. h3 Bxf3 10. Bxf3 O-O 11. e4 dxe4 12. dxe4 Re8 13. Bg2 Bc5 14. Qc2 Qc7 15. Kh2 Rad8 16. f4 Bd4 17. e5 Nh5 18. g4 Nxf4 19. Bxf4 Bxe5 20. Qf5 Nf6 21. Bxe5 Rxe5 22. Qf4 Rde8 23. Rae1 g5 24. Qg3 Kg7 25. Rf5 1-0

[Event "*** Titled Tuesday Blitz"]
[Site "Chess.com"]
[Date "2020.04.07"]
[Round "6"]
[White "Quiet_Desperation"]
[Black "Eloist"]
[Result "0-1"]
[WhiteElo "2038"]
[BlackElo "2264"]
[TimeControl "180+1"]
[EndTime "14:04:09 PDT"]
[Termination "Eloist won by resignation"]

1. d4 e6 2. e4 d5 3. Nc3 Nf6 4. e5 Nfd7 5. f4 c5 6. Nf3 Nc6 7. Be3 a6 8. Qd2 b5 9. Be2 Qb6 10. O-O cxd4 11. Nxd4 Bc5 12. Rad1 O-O 13. Kh1 f6 14. Bg1 Bxd4 15. Bxd4 Nxd4 16. Qxd4 Qxd4 17. Rxd4 fxe5 18. fxe5 Rxf1+ 19. Bxf1 Nxe5 20. a3 Bd7 21. Rf4 Rf8 22. Rxf8+ Kxf8 23. Kg1 Nc4 24. Bxc4 bxc4 25. Kf2 Ke7 26. Ke3 Kd6 27. Ne2 e5 28. c3 Bf5 29. Ng3 Bg6 30. Ne2 Kc5 31. g3 Bd3 32. Nc1 Bf1 33. Kf2 Bh3 34. Ne2 d4 35. Nc1 Kd5 36.
Na2 a5 37. Nc1 Ke4 0-1

[Event "*** Titled Tuesday Blitz"]
[Site "Chess.com"]
[Date "2020.04.07"]
[Round "6"]
[White "AllStarShark"]
[Black "Harry_Rakkel"]
[Result "1/2-1/2"]
[WhiteElo "2335"]
[BlackElo "2495"]
[TimeControl "180+1"]
[EndTime "14:04:11 PDT"]
[Termination "Game drawn by repetition"]

1. d4 Nf6 2. Bg5 e6 3. e4 h6 4. Bxf6 Qxf6 5. c3 d6 6. Bd3 e5 7. Ne2 Nc6 8. O-O g5 9. Bb5 a6 10. Qa4 Bd7 11. d5 Nb8 12. Bxd7+ Nxd7 13. Ng3 O-O-O 14.
Nf5 h5 15. Nd2 g4 16. b4 Bh6 17. Nb3 Nb6 18. Qa5 Nc4 19. Qa4 Nb6 20. Qa5 Nc4 21.
Qa4 Nb6 1/2-1/2

[Event "*** Titled Tuesday Blitz"]
[Site "Chess.com"]
[Date "2020.04.07"]
[Round "6"]
[White "english_player_89"]
[Black "Mikromurks"]
[Result "1-0"]
[WhiteElo "2517"]
[BlackElo "2321"]
[TimeControl "180+1"]
[EndTime "14:04:12 PDT"]
[Termination "english_player_89 won by resignation"]

1. e4 d6 2. d4 Nf6 3. Nc3 Nbd7 4. Nf3 e5 5. Bc4 Be7 6. O-O O-O 7. a4 c6 8. Re1 Qc7 9. h3 b6 10. Ba2 Bb7 11.
Nh4 Rfe8 12. Nf5 Bf8 13. dxe5 dxe5 14. Qf3 1-0

[Event "*** Titled Tuesday Blitz"]
[Site "Chess.com"]
[Date "2020.04.07"]
[Round "6"]
[White "Indianlad"]
[Black "VladimirBelous"]
[Result "1-0"]
[WhiteElo "3007"]
[BlackElo "2759"]
[TimeControl "180+1"]
[EndTime "14:04:18 PDT"]
[Termination "Indianlad won by resignation"]

1. d4 c5 2. d5 g6 3. Nc3 Bg7 4. e4 d6 5. Nf3 Nf6 6. Bb5+ Bd7 7. a4 O-O 8. O-O Bxb5 9. axb5 Nbd7 10. h3 Nb6 11.
Re1 Ne8 12. Bf4 Nc7 13. Qd3 Bxc3 14. bxc3 f6 15. c4 a6 16. bxa6 Rxa6 17. h4 Nd7 18. Bh6 Rf7 19. Rxa6 Nxa6 20. Rb1 Qc7 21. Qb3 b6 22.
Qa4 Nab8 23. Qa8 Ne5 24. Ra1 Nxf3+ 25. gxf3 e5 26. dxe6 Re7 27. Qd5 Nc6 28. Ra8+ Nd8 29. Qb7 1-0

[Event "*** Titled Tuesday Blitz"]
[Site "Chess.com"]
[Date "2020.04.07"]
[Round "6"]
[White "Martins-BR"]
[Black "Sneakiest_Of_Snakes"]
[Result "1-0"]
[WhiteElo "2283"]
[BlackElo "2124"]
[TimeControl "180+1"]
[EndTime "14:04:21 PDT"]
[Termination "Martins-BR won by resignation"]

1. e4 c5 2. Nf3 d6 3. d4 cxd4 4.
Nxd4 Nf6 5. Nc3 a6 6. Bg5 e6 7. f4 Qb6 8. a3 Be7 9. Qd2 h6 10. Bxf6 Bxf6 11. O-O-O O-O 12. h4 Qc7 13. g4 Nc6 14. Nf3 Be7 15. g5 h5 16. Bh3 b5 17.
f5 Rd8 18. g6 fxg6 19. fxe6 Bf6 20. Nd5 1-0

[Event "*** Titled Tuesday Blitz"]
[Site "Chess.com"]
[Date "2020.04.07"]
[Round "6"]
[White "Kavyev_Ruslan"]
[Black "Agent-JL"]
[Result "1-0"]
[WhiteElo "2616"]
[BlackElo "2426"]
[TimeControl "180+1"]
[EndTime "14:04:28 PDT"]
[Termination "Kavyev_Ruslan won by resignation"]

1. d4 Nf6 2. c4 e6 3. Nf3 d5 4. g3 Bb4+ 5. Bd2 Bxd2+ 6. Nbxd2 O-O 7. Bg2 b6 8. cxd5 exd5 9. O-O Bb7 10. Rc1 Qe7 11.
Nb1 Ne4 12. Nc3 Nd7 13. e3 Rfc8 14. Qb3 Ndf6 15. Rfd1 Nxc3 16. bxc3 Ne4 17. Ne5 Kf8 18. c4 f6 19. cxd5 Nxf2 20. Rf1 fxe5 21. Rxf2+ Ke8 22. Qa4+ Kd8 23. Rcf1 c6 24. Rf8+ 1-0

[Event "*** Titled Tuesday Blitz"]
[Site "Chess.com"]
[Date "2020.04.07"]
[Round "6"]
[White "Qvalda"]
[Black "SHIVACalypso"]
[Result "1-0"]
[WhiteElo "2390"]
[BlackElo "2211"]
[TimeControl "180+1"]
[EndTime "14:04:29 PDT"]
[Termination "Qvalda won by resignation"]

1. e4 e6 2. d4 d5 3. Bd3 dxe4 4. Bxe4 Nf6 5. Bf3 c5 6. Ne2 Nc6 7. Be3 cxd4 8. Nxd4 Ne5 9. Nc3 Nxf3+ 10. Qxf3 Bb4 11. Ne2 O-O 12. O-O e5 13. Rad1 Qe7 14. Bg5 Be6 15.
Ne4 h6 16. Nxf6+ gxf6 17. Bxf6 1-0

[Event "*** Titled Tuesday Blitz"]
[Site "Chess.com"]
[Date "2020.04.07"]
[Round "6"]
[White "vizumatv4hoda"]
[Black "steepedgames"]
[Result "1-0"]
[WhiteElo "2729"]
[BlackElo "2449"]
[TimeControl "180+1"]
[EndTime "14:04:31 PDT"]
[Termination "vizumatv4hoda won by resignation"]

1. e4 e6 2. d4 d5 3. exd5 exd5 4. c4 Nf6 5. Nc3 c6 6. Nf3 Be7 7. cxd5 Nxd5 8. Bd3 Bf6 9. O-O O-O 10. h3 Nxc3 11.
bxc3 c5 12. Ba3 Nd7 13. dxc5 Re8 14. Re1 Rxe1+ 15. Qxe1 Nf8 16. Rd1 Qc7 17. Qe8 Qe7 18. Re1 Be6 19. Qxa8 1-0

[Event "*** Titled Tuesday Blitz"]
[Site "Chess.com"]
[Date "2020.04.07"]
[Round "6"]
[White "HElissalt"]
[Black "Jadeit90"]
[Result "1-0"]
[WhiteElo "2116"]
[BlackElo "2210"]
[TimeControl "180+1"]
[EndTime "14:04:34 PDT"]
[Termination "HElissalt won by resignation"]

1. d4 g6 2. e4 Bg7 3. Nc3 c5 4. Nge2 cxd4 5. Nxd4 Nc6 6. Nde2 Nf6 7. g3 O-O 8. Bg2 Rb8 9. O-O b5 10. h3 b4 11. Nd5 Nxd5 12. exd5 Ne5 13. a3 bxa3 14. Rxa3 Nc4 15. Rb3 Rxb3 16. cxb3 Nb6 17. Nd4 Bb7 18. Nb5 a6 19. Nc3 Qc7 20. Bf4 d6 21. Re1 Bf6 22.
Be3 Nd7 23. Bd4 Kg7 24. Rxe7 Qd8 25. Bxf6+ Nxf6 26. Rxb7 1-0

[Event "*** Titled Tuesday Blitz"]
[Site "Chess.com"]
[Date "2020.04.07"]
[Round "6"]
[White "RzayevB"]
[Black "Moon_stone123"]
[Result "1-0"]
[WhiteElo "2656"]
[BlackElo "2489"]
[TimeControl "180+1"]
[EndTime "14:04:44 PDT"]
[Termination "RzayevB won by resignation"]

1. e4 c5 2. Nf3 d6 3. Nc3 Nf6 4. e5 dxe5 5. Nxe5 Nbd7 6. d4 cxd4 7. Qxd4 Nxe5 8. Qxe5 e6 9. Bf4 Bd7 10. O-O-O a6 11.
Ne4 Nxe4 12. Qxe4 Qc8 13. Be5 f6 14. Bg3 Be7 15. Bc4 b5 16. Bb3 O-O 17. Rxd7 1-0

[Event "*** Titled Tuesday Blitz"]
[Site "Chess.com"]
[Date "2020.04.07"]
[Round "6"]
[White "fpawn"]
[Black "stoleriu"]
[Result "1-0"]
[WhiteElo "2309"]
[BlackElo "2525"]
[TimeControl "180+1"]
[EndTime "14:04:48 PDT"]
[Termination "fpawn won by resignation"]

1. e4 e6 2. d4 d5 3. Nc3 Bb4 4. e5 c5 5. a3 Ba5 6. Qg4 Kf8 7. dxc5 Nc6 8. b4 Bc7 9. f4 a5 10. b5 Nce7 11. Bd3 h5 12. Qe2 g6 13. Nf3 Nh6 14.
O-O Nhf5 15. a4 d4 16. Ne4 Nd5 17. Nd6 b6 18. Nxf5 gxf5 19. c6 Nc3 20. Qf2 h4 21. Qxd4 Qxd4+ 22. Nxd4 Rg8 23. Ba3+ Kg7 24. Nf3 h3 25. g3 f6 26. exf6+ Kxf6 27. Bb2 1-0

[Event "*** Titled Tuesday Blitz"]
[Site "Chess.com"]
[Date "2020.04.07"]
[Round "6"]
[White "davigator"]
[Black "Neimar24"]
[Result "0-1"]
[WhiteElo "2333"]
[BlackElo "2528"]
[TimeControl "180+1"]
[EndTime "14:04:51 PDT"]
[Termination "Neimar24 won by resignation"]

1. e4 e6 2. d4 d5 3. Nc3 Nf6 4. e5 Nfd7 5. f4 c5 6. Nf3 Nc6 7. Be3 Be7 8. Qd2 O-O 9. dxc5 Qa5 10. Bd3 Nxc5 11. O-O Rd8 12. Qf2 Nxd3 13. cxd3 d4 14.
Nxd4 Nxd4 15. Ne4 Nf5 16. Nd6 Bxd6 17. exd6 Nxe3 18. Qxe3 Rxd6 19. Rf3 Qb6 20. Qf2 Qxf2+ 21. Kxf2 Bd7 22. b3 Bc6 23. Re3 Rad8 24. Rd1 Bb5 25. Ke2 f6 26. g3 Kf7 27. Rd2 e5 28. fxe5 fxe5 29. Rxe5 Bxd3+ 30. Ke3 Bg6 31. Rxd6 Rxd6 32. g4 Re6 33. Kf4 Rxe5 34. Kxe5 Ke7 35. h4 a5 36. a3 Bc2 37. b4 axb4 38. axb4 b5 39. Kd5 Kf6 40. Kc5 Bd3 41. Kd4 Be2 42. g5+ Kf5 43. Kd5 Kg4 44. Ke6 Kxh4 45. Kf7 Kxg5 0-1

[Event "*** Titled Tuesday Blitz"]
[Site "Chess.com"]
[Date "2020.04.07"]
[Round "6"]
[White "Trickov"]
[Black "The_Machine04"]
[Result "1-0"]
[WhiteElo "2246"]
[BlackElo "2365"]
[TimeControl "180+1"]
[EndTime "14:04:51 PDT"]
[Termination "Trickov won by resignation"]

1. d4 d6 2. Nf3 Nf6 3. g3 g6 4. Bg2 Bg7 5. c4 O-O 6. Nc3 Nbd7 7. O-O c6 8. Qc2 e5 9. Rd1 Qc7 10. e4 Re8 11. h3 h6 12. Be3 Nf8 13. Rac1 Ne6 14.
d5 Nf8 15. dxc6 bxc6 16. b3 Be6 17. Qd2 Rad8 18. Bxh6 Qd7 19. Kh2 Qb7 20. Bxg7 Kxg7 21. Ng5 d5 22. cxd5 cxd5 23. exd5 Nxd5 24. Nxd5 1-0

[Event "*** Titled Tuesday Blitz"]
[Site "Chess.com"]
[Date "2020.04.07"]
[Round "6"]
[White "CalinGheorghiu"]
[Black "annamaja"]
[Result "0-1"]
[WhiteElo "2421"]
[BlackElo "2273"]
[TimeControl "180+1"]
[EndTime "14:04:58 PDT"]
[Termination "annamaja won by resignation"]

1. e4 c6 2. c4 d5 3. exd5 cxd5 4. cxd5 Nf6 5. Nc3 g6 6. Nf3 Bg7 7. Bb5+ Nbd7 8. d4 a6 9. Ba4 b5 10. Bb3 O-O 11. d6 exd6 12. O-O Bb7 13. Bg5 h6 14. Bh4 g5 15. Bg3 Nb6 16. Bc2 Rc8 17. Qd3 Nc4 18.
Bb3 Nxb2 19. Qd2 Nc4 20. Qd3 Qc7 21. Rac1 Qa5 22. Bxc4 bxc4 23. Qf5 Qxf5 0-1

[Event "*** Titled Tuesday Blitz"]
[Site "Chess.com"]
[Date "2020.04.07"]
[Round "6"]
[White "gena217"]
[Black "econpower"]
[Result "1-0"]
[WhiteElo "2942"]
[BlackElo "2731"]
[TimeControl "180+1"]
[EndTime "14:05:02 PDT"]
[Termination "gena217 won by resignation"]

1. e4 d6 2. d4 Nf6 3. Nc3 e5 4. Nf3 Nbd7 5. a4 Be7 6. a5 O-O 7. a6 exd4 8. Nxd4 d5 9. Nxd5 Nxd5 10. exd5 Nb6 11. Be2 Qxd5 12. O-O Rd8 13. c3 Qe5 14. Bf3 Rb8 15. Re1 Qf6 16. h4 Qxh4 17.
g3 Qf6 18. Bf4 Nd5 19. Bxd5 Rxd5 20. Bxc7 Ra8 21. Qb3 Rxd4 22. axb7 Bxb7 23. Qxb7 1-0

[Event "*** Titled Tuesday Blitz"]
[Site "Chess.com"]
[Date "2020.04.07"]
[Round "6"]
[White "Mbneu"]
[Black "tgpgoat"]
[Result "1-0"]
[WhiteElo "2266"]
[BlackElo "2054"]
[TimeControl "180+1"]
[EndTime "14:05:02 PDT"]
[Termination "Mbneu won by checkmate"]

1. d4 Nf6 2. c4 c5 3. d5 b5 4. a4 bxc4 5. Nc3 d6 6. e4 Ba6 7. f4 Nbd7 8. Nf3 Qc7 9. Nd2 g6 10. Bxc4 Bxc4 11. Nxc4 Bg7 12. a5 O-O 13. O-O Rfb8 14.
Re1 Ne8 15. e5 dxe5 16. fxe5 Nxe5 17. Bf4 f6 18. Bxe5 fxe5 19. Qg4 Kh8 20. Qe6 Nd6 21.
Nxe5 Rxb2 22. Ne4 Rf8 23. Ng5 Rbf2 24. Nxg6+ hxg6 25. Qh3+ Kg8 26. Qh7# 1-0